 Dungeon Crawl Stone Soup version 0.20.0 (webtiles) character file.

2237 Llamajah the Blocker (level 9, -8/68 HPs)
             Began as a Formicid Fighter on July 24, 2017.
             Was a Follower of Okawaru.
             Killed from afar by an electric eel (10 damage)
             ... with a bolt of electricity
             ... on level 6 of the Dungeon.
             The game lasted 00:18:47 (6740 turns).

Llamajah the Blocker (Formicid Fighter)             Turns: 6740, Time: 00:18:49

Health: -8/68      AC: 12    Str: 24    XL:     9   Next: 63%
Magic:  7/9        EV: 14    Int:  8    God:    Okawaru [*.....]
Gold:   476        SH: 19    Dex: 10    Spells: 8/8 levels left

rFire    . . .     SeeInvis +   a - +0 war axe
rCold    . . .     Gourm    .   j - +0 large shield
rNeg     . . .     Faith    .   b - +0 scale mail
rPois    .         Spirit   .   (helmet unavailable)
rElec    .         Reflect  .   o - +0 cloak
rCorr    .         Harm     .   x - +0 pair of gloves
MR       .....                  (no boots)
Stlth    ++........             (no amulet)
Regen    0.3/turn               C - ring of stealth
MPRegen  0.2/turn               (no ring)

@: heroism
A: permanent stasis, dig shafts and tunnels, four strong arms, antennae 3
a: Dig, Shaft Self, Heroism, Renounce Religion


You were on level 6 of the Dungeon.
You worshipped Okawaru.
Okawaru was aware of your devotion.
You were near starving.

You visited 2 branches of the dungeon, and saw 7 of its levels.
You also visited: Ossuary.

You collected 476 gold pieces.

Inventory:

Hand Weapons
 a - a +0 war axe (weapon)
Armour
 b - a +0 scale mail (worn)
 j - a +0 large shield (worn)
 o - a +0 cloak (worn)
 x - a +0 pair of gloves (worn)
Jewellery
 C - a ring of stealth (left hand)
Wands
 w - a wand of digging (14/24)
 z - a wand of lightning (5/15)
Scrolls
 d - a scroll of teleportation {unknown}
 e - a scroll of random uselessness {unknown}
 g - 2 scrolls of enchant armour {unknown}
 l - 9 scrolls of identify {unknown}
 m - 6 scrolls of remove curse {unknown}
 q - a scroll of fear {unknown}
 r - a scroll of fog {unknown}
 t - 3 scrolls of immolation {unknown}
 u - a scroll of blinking {unknown}
 y - a scroll of recharging {unknown}
 D - a scroll of noise {unknown}
 E - a scroll of holy word {unknown}
Potions
 h - a potion of mutation {unknown}
 i - 2 potions of agility {unknown}
 n - a potion of lignification {unknown}
 p - a potion of flight
 s - a potion of cancellation {unknown}
 A - a potion of ambrosia
Comestibles
 c - 4 meat rations
 f - 6 bread rations
 k - 2 royal jellies


   Skills:
 + Level 5.5(10.5) Fighting
 + Level 4.7(9.7) Axes
 * Level 7.4(12.4) Armour
 * Level 5.4(10.4) Dodging
 * Level 8.1(13.1) Shields


You had 8 spell levels left.
You didn't know any spells.

Dungeon Overview and Level Annotations

Branches:
Dungeon (6/15)             Temple (1/1) D:5

Altars:
Ashenzari
Cheibriados
Dithmenos
Elyvilon
Fedhas
Gozag
Hepliaklqana
Okawaru
Qazlal
Ru
Sif Muna
Trog
Uskayaw
Vehumet
Xom
Yredelemnul
Zin
The Shining One


Innate Abilities, Weirdness & Mutations

You cannot be hasted, slowed, berserked, paralysed or teleported.
You can dig through walls and to a lower floor.
Your four strong arms can wield two-handed weapons with a shield.
You have a pair of large antennae on your head. (SInv)


Message History

The electric eel completely resists.
You feel better.
You gain the combat prowess of a mighty hero.
You miss the electric eel. You slash the electric eel!
The electric eel is severely wounded.
You closely miss the electric eel.
The electric eel is severely wounded.
You are near starving!
You miss the electric eel.
The electric eel is severely wounded.
You miss the electric eel.
The electric eel is severely wounded.
You hit the electric eel.
The electric eel is almost dead.
The electric eel shoots out a bolt of lightning at you!
The bolt of electricity hits you!
* * * LOW HITPOINT WARNING * * *
The bolt of electricity hits you!
You die...

#...≈≈≈≈#≈≈≈≈..........
#..≈≈≈#≈≈≈≈#≈..........
#..≈#≈≈≈≈#≈≈≈..........
#..≈≈≈≈#≈≈≈≈...........
#.≈≈≈#≈≈≈≈#≈.+ .......
#.≈#≈≈≈≈#≈≈≈.. ......
#.≈≈≈≈#≈≈≈≈... ......
#....≈≈;≈#≈... .....
####..@.≈≈≈... ....
#.#........ .(.
#.......... ..
###........ . #........
#########


You could see an electric eel.

Vanquished Creatures
  The ghost of Wylziak the Grave Robber, an amateur OpNe of Makhleb (D:4)
  Sigmund (D:3)
  Duvessa (D:6)
  The ghost of Zerd the Magician, an amateur DECj of Ashenzari (D:3)
  An orc warrior (D:6)
  A sky beast (D:3)
  3 ice beasts
  A centaur (D:5)
  An ogre (D:4)
  Dowan (D:6)
  A scorpion (D:5)
  2 howler monkeys (D:5)
  3 jellies
  Crazy Yiuf (D:2)
  2 orc priests
  3 hounds
  An orc wizard (D:3)
  Jessica (D:3)
  Natasha (thrice) (D:3)
  4 iguanas
  4 big kobold zombies (Ossuary)
  2 hound skeletons
  A mummy (Ossuary)
  Robin (D:4)
  9 adders
  2 oozes
  An adder skeleton (D:4)
  2 worms
  2 dart slugs
  3 leopard geckos
  14 orcs
  5 spectral bats (Ossuary)
  9 bats
  3 giant cockroaches
  8 gnoll zombies (Ossuary)
  18 goblins
  12 hobgoblins
  2 jackals (D:3)
  A quokka (D:3)
  2 ball pythons
  3 bat simulacra (Ossuary)
  5 frilled lizards
  7 goblin simulacra (Ossuary)
  4 goblin zombies (Ossuary)
  2 hobgoblin zombies (Ossuary)
  10 kobolds
  4 kobold simulacra (Ossuary)
  3 kobold zombies (Ossuary)
  9 orc zombies (Ossuary)
  6 rats
  2 rat simulacra (Ossuary)
  2 spectral goblins (Ossuary)
  A spectral kobold (Ossuary)
  3 spectral rats (Ossuary)
195 creatures vanquished.

Notes
Turn   | Place    | Note
-------+----------+-------------------------------------------
     0 | D:1      | Llamajah the Formicid Fighter began the quest for the Orb.
     0 | D:1      | Reached XP level 1. HP: 18/18 MP: 1/1
    56 | D:1      | Reached XP level 2. HP: 24/24 MP: 2/2
   759 | D:1      | Reached XP level 3. HP: 30/30 MP: 3/3
  1153 | D:2      | Found a runed door.
  1157 | D:2      | Noticed Crazy Yiuf
  1167 | D:2      | Killed Crazy Yiuf
  1167 | D:2      | Reached skill level 1 in Dodging
  1167 | D:2      | Reached skill level 4 in Shields
  1167 | D:2      | Reached XP level 4. HP: 14/37 MP: 4/4
  1795 | D:2      | Reached XP level 5. HP: 42/42 MP: 5/5
  2452 | D:3      | Noticed a sky beast
  2479 | D:3      | Killed a sky beast
  2479 | D:3      | Reached skill level 5 in Shields
  2479 | D:3      | Reached XP level 6. HP: 36/48 MP: 6/6
  2511 | D:3      | Noticed Jessica
  2516 | D:3      | Killed Jessica
  2659 | D:3      | Found a shattered altar of Ashenzari.
  2697 | D:3      | Noticed Natasha
  2704 | D:3      | Killed Natasha
  2715 | D:3      | Noticed Zerd's ghost (amateur DECj)
  2733 | D:3      | Noticed Natasha
  2733 | D:3      | Killed Zerd's ghost
  2733 | D:3      | Reached skill level 5 in Armour
  2733 | D:3      | Reached XP level 7. HP: 45/55 MP: 7/7
  2734 | D:3      | Killed Natasha
  3022 | D:3      | Noticed Sigmund
  3036 | D:3      | Killed Sigmund
  3307 | D:3      | Found a white marble altar of Elyvilon.
  3310 | D:3      | Found a radiant altar of Vehumet.
  3313 | D:3      | Found an iron altar of Okawaru.
  3331 | D:4      | Noticed Wylziak's ghost (amateur OpNe)
  3644 | D:3      | Noticed Natasha
  3652 | D:3      | Killed Natasha
  3681 | D:4      | Reached skill level 6 in Shields
  3681 | D:4      | Reached XP level 8. HP: 52/61 MP: 8/8
  3801 | D:4      | Killed Wylziak's ghost
  4193 | D:4      | Noticed Robin
  4208 | D:4      | Killed Robin
  4261 | D:4      | Reached skill level 5 in Fighting
  4582 | D:5      | Entered Level 5 of the Dungeon
  4649 | D:5      | Reached skill level 7 in Shields
  4655 | D:5      | Reached XP level 9. HP: 20/68 MP: 9/9
  4885 | D:5      | Found a staircase to the Ecumenical Temple.
  4923 | Temple   | Entered the Ecumenical Temple
  5150 | D:3      | Became a worshipper of Warmaster Okawaru
  5291 | D:5      | Found a hazy altar of Hepliaklqana.
  5644 | D:6      | Noticed Duvessa
  5646 | D:6      | Noticed Dowan
  5665 | D:6      | Killed Duvessa
  5681 | D:6      | Killed Dowan
  5681 | D:6      | Reached skill level 5 in Dodging
  5873 | D:6      | Found a sand-covered staircase.
  5905 | Ossuary  | Entered an ossuary
  6252 | Ossuary  | Reached skill level 8 in Shields
  6700 | D:6      | Reached * piety under Okawaru
  6740 | D:6      | HP: 2/68 [electric eel/bolt of electricity (12)]
  6740 | D:6      | Killed from afar by an electric eel

Skill      XL: |  1  2  3  4  5  6  7  8  9 |
---------------+----------------------------+-----
Dodging        | 1 2 3 4 5 |  5.4
Shields        | 4 5 6 7 8 |  8.1
Armour         | 4 5 6 7 |  7.4
Fighting       | 4 5 |  5.5
Axes           | 3 4 |  4.7

Action                   |  1- 3 |  4- 6 |  7- 9 || total
-------------------------+-------+-------+-------++-------
Melee: War axe           |    77 |   186 |   470 ||   733
Invok: Heroism           |       |       |     1 ||     1
 Abil: Dig               |       |       |     1 ||     1
  Use: Potion            |       |     1 |    10 ||    11
  Eat: Chunk             |     1 |     5 |    13 ||    19
Armor: Scale mail        |    21 |    91 |   129 ||   241
Dodge: Dodged            |    16 |    40 |   126 ||   182
Block: Shield            |     3 |       |       ||     3
       Large shield      |    53 |   169 |   392 ||   614
